[Event "Grand Prix Romania 1st Stage 2024"]
[Site "Bucuresti"]
[Date "2024.03.24"]
[Round "6.20"]
[White "Tilicheev, Viacheslav"]
[Black "Stefan, Romulus-Cristian"]
[Result "1-0"]
[ECO "D37"]
[WhiteElo "2485"]
[BlackElo "2171"]
[Annotator "TA"]
[PlyCount "75"]
[EventDate "2024.03.20"]
[EventType "swiss"]
[EventCountry "ROU"]
[SourceTitle "playchess.com"]
[Source "ChessBase"]
[SourceQuality "1"]
[TimeControl "900+5"]

1. d4 d5 2. c4 e6 3. Nf3 Nf6 4. Nc3 h6 5. g3 Nc6 6. Bg2 Bd6 7. O-O O-O 8. b3 {[%emt 0:00:10] White is slightly better.} dxc4 9. bxc4 e5 10. d5 Na5 11. Nd2 c6 12. Bb2 Re8 13. Rc1 cxd5 14. cxd5 Bd7 {[%emt 0:01:07] Against Nb5} 15. Nce4 Nxe4 16. Nxe4 ({Much weaker is} 16. Bxe4 b5 $11) 16... Qb6 17. Nxd6 Qxd6 18. Qd3 Rac8 19. Ba3 {[%emt 0:00:13] A strong pair of Bishops. White now steadily converts the win.} Qb6 {[%emt 0:00:24] [#]} 20. d6 $1 Qd4 (20... Qd8 $16) 21. Rc7 $18 Rxc7 22. dxc7 {[%emt 0:00:04] Threatens to win with Qc2.} Rc8 23. Bd6 Nc4 24. Qxd4 exd4 25. Bf4 g5 26. Bxb7 gxf4 27. Bxc8 Bxc8 28. Rd1 ({Much less strong is} 28. gxf4 $6 d3 $18) (28. Rc1 Nb6 29. gxf4 Nd5) 28... fxg3 29. hxg3 Nb6 30. Rxd4 Kf8 31. Rd8+ Ke7 32. e4 f6 33. Rh8 Kd6 34. Rxh6 Nd7 35. f4 Kxc7 {[%emt 0:04:46] [#]} 36. Kf2 $1 Bb7 37. Ke3 Bc6 38. Kd4 {[%emt 0:00:07] Weighted Error Value: White=0.05 (flawless) /Black=0.21 (precise) .  Mistake:       	---       	Black=1      Inaccurate:     	White=1     	Black=3      OK:         	White=15    	Black=12     Best:        	White=4     	Black=2      Strong:       	White=2     	---} 1-0

[Event "Grand Prix Romania 1st Stage 2024"]
[Site "Bucuresti"]
[Date "2024.03.24"]
[Round "6.21"]
[White "Patrascu, Catalin-Lucian"]
[Black "Stoleriu, George"]
[Result "0-1"]
[ECO "B13"]
[WhiteElo "2298"]
[BlackElo "2391"]
[Annotator "RC"]
[PlyCount "87"]
[EventDate "2024.03.20"]
[EventType "swiss"]
[EventCountry "ROU"]
[SourceTitle "playchess.com"]
[Source "ChessBase"]
[SourceQuality "1"]
[TimeControl "900+5"]

1. e4 c6 2. d4 d5 3. exd5 cxd5 4. Nf3 Nc6 5. Ne5 Nf6 6. Bb5 Bd7 7. Nxd7 Qxd7 8. c3 e6 9. O-O Bd6 10. Nd2 O-O 11. Re1 Qc7 12. Nf1 Ne7 13. Bd3 Ng6 14. Bg5 Nd7 15. Rc1 Rab8 16. Bb1 b5 17. Qd3 Rfc8 18. h4 Ngf8 19. Qf3 h6 20. Bd2 Qd8 21. g3 a5 22. Ne3 Nf6 23. Ng2 b4 24. g4 bxc3 25. bxc3 Rb2 26. Be3 Ne4 27. Bxe4 dxe4 28. Qxe4 Rxa2 29. c4 Ba3 30. Ra1 Rxa1 31. Rxa1 Bb4 32. c5 Ng6 33. h5 Ne7 34. Nf4 Qd7 35. Nd3 Qd5 36. Qxd5 Nxd5 37. Kg2 f6 38. Kf3 Kf7 39. Ra2 Rc7 40. Nb2 e5 41. dxe5 fxe5 42. Nc4 e4+ 43. Kg2 Nxe3+ 44. Kg3 0-1

[Event "Grand Prix Romania 1st Stage 2024"]
[Site "Bucuresti"]
[Date "2024.03.24"]
[Round "6.22"]
[White "Vedmediuc, Serghei"]
[Black "Filip, Andrei"]
[Result "0-1"]
[ECO "B42"]
[WhiteElo "2452"]
[BlackElo "2289"]
[Annotator "TA"]
[PlyCount "70"]
[EventDate "2024.03.20"]
[EventType "swiss"]
[EventCountry "ROU"]
[SourceTitle "playchess.com"]
[Source "ChessBase"]
[SourceQuality "1"]
[TimeControl "900+5"]

1. e4 c5 2. Nf3 e6 3. d4 cxd4 4. Nxd4 a6 5. Bd3 Bc5 6. Nb3 Ba7 7. O-O Ne7 8. c4 Nbc6 9. Nc3 O-O 10. Qe2 {[%emt 0:00:02] Weiß steht etwas besser.} d5 11. exd5 exd5 12. cxd5 Nxd5 13. Rd1 {[%emt 0:00:21] Und jetzt Nxd5 wäre schön.} Nxc3 14. Bxh7+ $2 (14. bxc3 $11 {und Weiss steht sicher.} Qh4 15. Re1) 14... Kh8 $1 $19 15. bxc3 Qh4 {[%emt 0:00:02][%cal Oc8g4] Droht stark ...Bg4!} (15... Bxf2+ 16. Kxf2 Qh4+ 17. Kg1 $15) 16. Bc2 Bg4 17. Qf1 Bxd1 18. Bxd1 (18. g3 $17 Bxf2+ 19. Kg2) 18... Rad8 {[%emt 0:00:55][%cal Oh4f2] ( -> ...Qxf2+!)} 19. Bc2 (19. g3 {ist wohl besser.} Qf6 20. Bf4) 19... Ne5 20. h3 {[%emt 0:00:55] Gegen Ng4 gerichtet.} Rfe8 $40 {[%emt 0:00:27][%mdl 128] Schwarz hat starken Angriff.} 21. Ba3 $2 (21. Nd4) 21... Qg3 22. Be4 {[%emt 0:01:05] [#] Lässt Nf3+ nicht zu} Ng4 $1 23. hxg4 Rxe4 24. Bc5 {[%emt 0:00:15] [#]} Qb8 (24... Qxc3 25. Bxa7 Rxg4 26. Be3 $14) (24... Bxc5 25. Nxc5 Qf4 (25... Qxc3 $2 {zu gefräßig.} 26. Nxe4 Qa5 27. Qc4 $18) (25... Qxg4 $2 26. f3 $18) 26. Nxe4 Qxe4 27. Rd1 Rxd1 28. Qxd1 $14) 25. f3 Re5 26. Bd4 Bxd4+ 27. Nxd4 g6 28. Re1 Rde8 29. Rd1 Re3 30. Qf2 Qe5 {[%emt 0:00:10] Es drohte Nf5} (30... Rxc3 31. Qb2 Qc7 32. Ne2 Qc5+ 33. Kh1 Rxe2 34. Qxe2 $11) 31. f4 Re1+ 32. Kh2 Qe3 33. Qh4+ {[%emt 0:00:11] [#]} (33. Qxe1 Qxe1 34. Rxe1 Rxe1 $19) (33. Qxe3 $142 R8xe3 34. Rd2) 33... Kg8 $1 {[%emt 0:00:01] Schwarz steht klar auf Gewinn.} 34. Rxe1 Qxe1 35. Qf6 Qe7 {[%emt 0:00:17] Gewichteter Fehlerwert: Weiß=0.47/Schwarz=0.18 (sehr präzise) .  Verlustzug:     	Weiß=1     	---        Fehler:       	Weiß=4     	---        Ungenau:       	Weiß=2     	---        OK:         	Weiß=11    	Schwarz=13    Bester:       	Weiß=2     	Schwarz=1     Stark:        	---       	Schwarz=2} 0-1

[Event "Grand Prix Romania 1st Stage 2024"]
[Site "Bucuresti"]
[Date "2024.03.24"]
[Round "6.23"]
[White "Coman, Mihnea-George"]
[Black "Nevednichy, Vladislav"]
[Result "0-1"]
[ECO "B56"]
[WhiteElo "2243"]
[BlackElo "2445"]
[Annotator "TA"]
[PlyCount "80"]
[EventDate "2024.03.20"]
[EventType "swiss"]
[EventCountry "ROU"]
[SourceTitle "playchess.com"]
[Source "ChessBase"]
[SourceQuality "1"]
[TimeControl "900+5"]

1. e4 c5 2. Nf3 d6 3. d4 cxd4 4. Nxd4 Nf6 5. Nc3 Bd7 6. Bg5 e6 7. Qd2 a6 8. O-O-O h6 9. Bh4 Nxe4 {[%emt 0:00:04] The position is equal.} 10. Nxe4 Qxh4 11. Bd3 ({Better is} 11. Re1 $1 $15 Kd8 12. g3) 11... d5 12. Nf3 Qd8 13. Ng3 Nc6 14. Rhe1 Qa5 15. Qxa5 Nxa5 16. Ne5 Nc6 17. Nxd7 Kxd7 18. c4 dxc4 19. Bxc4+ Kc7 20. Rd3 Bb4 21. Re4 Rad8 22. Rf3 Rd7 23. a3 Bd6 24. Nh5 g6 25. Nf6 Re7 26. h4 h5 27. Re1 Be5 28. Ne4 Rd8 29. Ng5 (29. Bb3 $17) 29... Rd4 $19 30. Re4 Rxe4 (30... f6 $19 31. Nxe6+ Rxe6 32. Rxd4 Nxd4 33. Bxe6 Nxe6) 31. Nxe4 $17 Bg7 32. Kb1 Ne5 33. Rc3 Kb8 34. Be2 Nc6 35. Rc4 Rd7 36. Bf3 Bd4 {[%emt 0:00:30] And now ...Ne5 would win.} 37. Nc5 Bxc5 38. Rxc5 (38. Bxc6 $17 {is a better defense.} Rd1+ (38... bxc6 $2 39. Rxc5 Rd1+ 40. Rc1 $19) 39. Ka2 bxc6 (39... Bxf2 40. Be8 $17) 40. Rxc5) 38... Nd4 $19 {[%emt 0:00:09] Strongly threatening ...Nxf3.} 39. Be4 Nb3 40. Rc2 {[%emt 0:00:16] [#]} (40. Re5) 40... Nd2+ {[%emt 0:00:03] Weighted Error Value: White=0.41/Black=0.14 (very precise) .  Mistake:       	White=4     	Black=1      Inaccurate:     	White=3     	---        OK:         	White=9     	Black=12     Best:        	---       	Black=3} 0-1

[Event "Grand Prix Romania 1st Stage 2024"]
[Site "Bucuresti"]
[Date "2024.03.24"]
[Round "6.24"]
[White "Padurean, Daniel-Cristian"]
[Black "Shuvalova, Polina"]
[Result "0-1"]
[ECO "B22"]
[WhiteElo "2115"]
[BlackElo "2455"]
[Annotator "RC"]
[PlyCount "108"]
[EventDate "2024.03.20"]
[EventType "swiss"]
[EventCountry "ROU"]
[SourceTitle "playchess.com"]
[Source "ChessBase"]
[SourceQuality "1"]
[TimeControl "900+5"]

1. e4 c5 2. c3 Nf6 3. e5 Nd5 4. d4 cxd4 5. Nf3 Nc6 6. cxd4 d6 7. Bc4 Nb6 8. Bb5 dxe5 9. Nxe5 Bd7 10. Nxd7 Qxd7 11. O-O e6 12. Nc3 Rd8 13. Qh5 Be7 14. Rd1 a6 15. Bxc6 Qxc6 16. Be3 O-O 17. Rac1 Qd7 18. Ne4 Nd5 19. Nc5 Qb5 20. Nd3 Bf6 21. Rc5 Qa4 22. a3 Rd7 23. Qe2 b6 24. Rc2 Rfd8 25. Rdc1 g6 26. h3 Kg7 27. Ne5 Bxe5 28. dxe5 h6 29. Rc4 Qb3 30. Bf4 b5 31. Re4 Ne7 32. Be3 Rd1+ 33. Rxd1 Qxd1+ 34. Qxd1 Rxd1+ 35. Kh2 Rb1 36. Bd4 Nd5 37. Re2 Rd1 38. Bc5 g5 39. g3 Kg6 40. Kg2 Rd3 41. f3 h5 42. Kf2 h4 43. gxh4 gxh4 44. Be3 Nxe3 45. Rxe3 Rd2+ 46. Kg1 Rxb2 47. Re4 Rb3 48. a4 b4 49. Rxh4 a5 50. Rg4+ Kf5 51. Kg2 Ra3 52. Kg3 b3 53. Rf4+ Kxe5 54. Rxf7 Rxa4 0-1

[Event "Grand Prix Romania 1st Stage 2024"]
[Site "Bucuresti"]
[Date "2024.03.24"]
[Round "6.25"]
[White "Efroimski, Marsel"]
[Black "Lehaci, Miruna-Daria"]
[Result "1-0"]
[ECO "B31"]
[WhiteElo "2467"]
[BlackElo "2247"]
[Annotator "TA"]
[PlyCount "63"]
[EventDate "2024.03.20"]
[EventType "swiss"]
[EventCountry "ROU"]
[SourceTitle "playchess.com"]
[Source "ChessBase"]
[SourceQuality "1"]
[TimeControl "900+5"]

1. Nf3 c5 2. e4 Nc6 3. Bb5 g6 4. Bxc6 dxc6 5. d3 Bg7 6. h3 e5 7. Be3 Qe7 8. a4 Nf6 9. a5 Nd7 10. Qd2 {[%emt 0:00:14] Die Stellung ist ausgeglichen.} Nf8 11. Nc3 Ne6 12. Na4 b5 13. axb6 axb6 {[%emt 0:00:02] [#] Droht ...b5 und aus.} 14. O-O b5 15. Nc3 Rxa1 16. Rxa1 O-O 17. Ne2 Nd4 18. Nexd4 cxd4 19. Bh6 Be6 $2 {[%emt 0:03:43] [#] Danach kann Schwarz die Partie nicht mehr halten.} (19... Bxh6 $11 {und Schwarz ist OK.} 20. Qxh6 f6) 20. Bxg7 $18 Kxg7 21. Nxe5 c5 22. Nf3 Rd8 23. Qa5 Qd7 (23... b4 $142 24. Qb6 Rd7) 24. Qb6 c4 (24... Qd6 $142 25. Qxd6 (25. Qxb5 Rb8 $18) 25... Rxd6) 25. Ng5 cxd3 $2 (25... Qe7) 26. Nxe6+ fxe6 27. cxd3 {[%emt 0:00:00] KQR-KQR} (27. Ra7 $142 dxc2 28. Rxd7+ Rxd7 29. Qc6 (29. Qxb5 $2 {zu gefräßig.} c1=Q+ 30. Qf1 Qxf1+ 31. Kxf1 d3 $19)) 27... Kh6 $2 (27... Qe7 28. b4 (28. Qxb5 Qc7 $18) 28... Kh6 29. Qxb5 Rd7) 28. Ra7 Qd6 29. Qb7 {[%emt 0:00:00] Weiß setzt Matt.} Kg5 30. g3 h5 31. f4+ Kf6 32. Qf7# {[%emt 0:00:00] Gewichteter Fehlerwert: Weiß=0.30/Schwarz=0.51.  Verlustzug:     	---       	Schwarz=1     Fehler:       	---       	Schwarz=3     Ungenau:       	Weiß=2     	Schwarz=2     OK:         	Weiß=5     	Schwarz=4     Bester:       	Weiß=5     	Schwarz=1} 1-0

[Event "Grand Prix Romania 1st Stage 2024"]
[Site "Bucuresti"]
[Date "2024.03.24"]
[Round "6.26"]
[White "Zubcu, Vlad-George"]
[Black "Manolache, Marius"]
[Result "0-1"]
[ECO "B23"]
[WhiteElo "2181"]
[BlackElo "2387"]
[Annotator "RC"]
[PlyCount "66"]
[EventDate "2024.03.20"]
[EventType "swiss"]
[EventCountry "ROU"]
[SourceTitle "playchess.com"]
[Source "ChessBase"]
[SourceQuality "1"]
[TimeControl "900+5"]

1. e4 c5 2. Nc3 e6 3. d4 cxd4 4. Qxd4 Nc6 5. Qe3 d6 6. b3 Nf6 7. Bb2 Be7 8. O-O-O O-O 9. f4 d5 10. exd5 exd5 11. Qg3 d4 12. Nb5 Qa5 13. a4 Bf5 14. Nf3 Ne4 15. Qe1 Bb4 16. Qe2 Rfe8 17. Ne5 Nxe5 18. fxe5 Nc3 19. Bxc3 Bxc3 20. g4 d3 21. cxd3 Rxe5 22. Qc2 Rc5 23. gxf5 Bb4 24. Qxc5 Bxc5 25. d4 Bf8 26. Kb2 a6 27. Nc3 Rc8 28. Bc4 b5 29. axb5 Bb4 30. Nd5 Ba3+ 31. Kb1 axb5 32. Bd3 Rd8 33. Be4 Rxd5 0-1

[Event "Grand Prix Romania 1st Stage 2024"]
[Site "Bucuresti"]
[Date "2024.03.24"]
[Round "6.27"]
[White "Baltag, Iulian"]
[Black "Maria, Lia-Alexandra"]
[Result "1-0"]
[ECO "B51"]
[WhiteElo "2412"]
[BlackElo "1996"]
[Annotator "TA"]
[PlyCount "73"]
[EventDate "2024.03.20"]
[EventType "swiss"]
[EventCountry "ROU"]
[SourceTitle "playchess.com"]
[Source "ChessBase"]
[SourceQuality "1"]
[TimeControl "900+5"]

1. e4 c5 2. Nf3 d6 3. Bb5+ Nd7 4. Ba4 Ngf6 5. O-O g6 6. d3 Bg7 7. c4 O-O 8. Nc3 {[%emt 0:00:02] The position is equal.} a6 9. h3 Rb8 10. Rb1 b6 11. d4 cxd4 12. Nxd4 {[%emt 0:00:02] Nc6 is the strong threat.} Bb7 13. Re1 e6 14. Bg5 Qc7 15. Rc1 h6 16. Bh4 Kh7 17. Bg3 Ne8 ({Black should try} 17... Ne5 $11) 18. f4 Nef6 19. Bf2 Nc5 (19... Nh5 {is interesting.} 20. f5 Nc5 21. Bc2 Rbe8) 20. Bc2 Rfd8 (20... e5 21. fxe5 dxe5 22. Nf3 $14) 21. b4 Ncd7 22. Bd3 Nf8 23. Nb3 {[%emt 0:00:46] White is more active.} Qd7 {[%emt 0:00:09] This costs Black the game.} (23... Nh5 $14) 24. Bxb6 $18 Rdc8 (24... Re8 $142) 25. Bf2 Nh5 26. Qd2 d5 $2 {[%emt 0:00:59] [#]} (26... e5 {might work better.} 27. fxe5 Bxe5) 27. cxd5 Bxc3 28. Rxc3 Rxc3 29. Qxc3 (29. Nc5 Rxc5 30. Bxc5 exd5 31. exd5 Bxd5 $17) 29... Nxf4 {[%emt 0:00:17] Black is weak on the dark squares} (29... exd5 {was necessary.} 30. Nc5 Qc7 31. exd5 (31. Bxa6 Bxa6 32. Bd4 Rc8 $11) 31... Bxd5) 30. Nc5 Qe7 31. Qe5 ({But not} 31. Bxa6 Bxa6 32. Nxa6 Rd8 $18) ({Weaker is} 31. Nxa6 Qg5 32. Bf1 Bxa6 $16) 31... Nxd3 $2 (31... Qg5 32. Qxg5 (32. Qxb8 $2 Qxg2#) 32... hxg5 33. Bxa6 Bxa6 34. Nxa6 Rd8) 32. Qxb8 {[%emt 0:00:12] White is clearly winning.} Nxe1 33. Bxe1 ({Less strong is} 33. Nxb7 Nd3 $18) 33... exd5 34. Qxb7 Qf6 35. Qxd5 Kg7 36. Qd3 {[%emt 0:00:04][%cal Oe1c3] [#] Bc3! would kill now.} Kh7 37. Bc3 {[%emt 0:00:02] Weighted Error Value: White=0.22 (precise) /Black=0.42.  Mistake:       	---       	Black=6      Inaccurate:     	White=4     	Black=2      OK:         	White=7     	Black=9      Best:        	White=2     	Black=3} 1-0

[Event "Grand Prix Romania 1st Stage 2024"]
[Site "Bucuresti"]
[Date "2024.03.24"]
[Round "6.28"]
[White "Cebotari, Stanislav"]
[Black "Ben Ari, Yannay"]
[Result "0-1"]
[ECO "A07"]
[WhiteElo "2075"]
[BlackElo "2434"]
[Annotator "TA"]
[PlyCount "82"]
[EventDate "2024.03.20"]
[EventType "swiss"]
[EventCountry "ROU"]
[SourceTitle "playchess.com"]
[Source "ChessBase"]
[SourceQuality "1"]
[TimeControl "900+5"]

1. Nf3 Nf6 2. g3 g6 3. Bg2 Bg7 4. O-O O-O 5. d3 d5 6. Nbd2 Nc6 7. e4 e5 8. Re1 a5 9. a4 h6 10. c3 Re8 {[%emt 0:00:16] The position is equal.} 11. Qc2 b6 12. exd5 Nxd5 13. Nc4 Bb7 14. Bd2 Qd7 15. Re2 Re7 16. Rae1 Rae8 17. Qb3 Kh7 18. Nh4 Ba6 19. Na3 {[%emt 0:02:46] [#]} (19. Nf3 $11 {keeps the balance.}) 19... Ndb4 $1 {[%emt 0:02:18] Black continues to play with concentration.} 20. cxb4 {[%emt 0:02:14] Bxc6 would now be deadly.} Nd4 21. Qd5 (21. Qd1 $142 Nxe2+ 22. Qxe2 axb4 23. Nb5 (23. Bxb4 $2 {is the wrong capture.} c5 $17)) 21... Nxe2+ $17 22. Rxe2 {[%emt 0:00:01] Strongly threatening Qxd7.} Bxd3 23. Re1 (23. Re3 $17 e4 24. Qxd7 Rxd7 25. bxa5 Bxb2 26. Rxd3 Rxd3 27. Nc4) 23... e4 $19 24. Qxd7 Rxd7 25. bxa5 Bxb2 26. Bc1 {[%emt 0:00:37] [#]} Bc3 {[%emt 0:00:00][%mdl 1024] Black has strong compensation.} 27. Rd1 bxa5 ({Don't play} 27... Bxa5 28. Bf1) 28. Bh3 Rdd8 29. Ng2 Bb5 30. Rxd8 (30. Bg4 $142 Bxa4 31. Rf1) 30... Rxd8 31. Ne3 {[%emt 0:00:01] Wards off Rd1+} Bxa4 32. Bf1 Bb3 33. Bc4 a4 34. Be2 (34. Nb1 $142 Ba5 35. Bxb3 axb3 36. Kf1) 34... c5 (34... Bd2 $142 35. Bxd2 Rxd2) 35. Nb5 $2 (35. Kf1) 35... Bd2 {[%emt 0:00:19] Black is clearly winning.} 36. Bxd2 Rxd2 37. Bc4 Kg7 38. Kg2 h5 39. h4 (39. Kg1 $142) 39... Rb2 {[%emt 0:00:06] And now ...Bxc4 would win.} 40. Na3 f5 41. Nd5 Ra2 {[%emt 0:00:02] Weighted Error Value: White=0.47/Black=0.15 (very precise) .  Mistake:       	White=7     	Black=1      Inaccurate:     	White=1     	Black=1      OK:         	White=12    	Black=11     Best:        	---       	Black=5} 0-1

[Event "Grand Prix Romania 1st Stage 2024"]
[Site "Bucuresti"]
[Date "2024.03.24"]
[Round "6.29"]
[White "Banzea, Alexandru-Bogdan"]
[Black "Leu, Dragos Stefan"]
[Result "1-0"]
[ECO "D00"]
[WhiteElo "2394"]
[BlackElo "1908"]
[Annotator "TA"]
[PlyCount "93"]
[EventDate "2024.03.20"]
[EventType "swiss"]
[EventCountry "ROU"]
[SourceTitle "playchess.com"]
[Source "ChessBase"]
[SourceQuality "1"]
[TimeControl "900+5"]

1. d4 Nf6 2. Nc3 d5 3. Bf4 g6 4. e3 Bg7 5. h4 h5 6. Nf3 O-O 7. Ne5 c5 8. dxc5 {[%emt 0:00:02] The position is equal.} Nc6 9. Nxc6 ({White should try} 9. Qd2 $11) 9... bxc6 $15 10. Be5 Qa5 (10... Bh6 $5) 11. Qd4 Ne8 12. Bxg7 Nxg7 13. b4 {[%emt 0:00:02] [#]} e5 $2 14. bxa5 $18 (14. Qxe5 Qxb4 15. Qd4 Qa5 $11) 14... exd4 15. exd4 Re8+ 16. Kd2 (16. Be2 $142) 16... Nf5 17. Ne2 Ba6 (17... Rb8 $16 {is a better defense.}) 18. Ng3 Bxf1 19. Nxf5 {[%emt 0:00:16] Threatens to win with Nd6.} Bxg2 {[%emt 0:04:38] [#]} 20. Rhg1 gxf5 21. Rxg2+ {[%emt 0:00:02][%mdl 4096] Endgame. KRR-KRR} Kh7 22. f3 {[%emt 0:01:23] Against Re4} Rab8 23. a3 {[%emt 0:01:35] Prevents Rb4.} Rb5 24. Rag1 Rxa5 25. Rg7+ Kh6 26. Rxf7 {[%emt 0:00:26] Hoping for Rf6+.} Rxa3 $2 (26... Ra4 27. Rf6+ (27. Rxf5 Rxd4+ 28. Kc3 Rxh4 $16) 27... Kh7) 27. Rf6+ ({Less strong is} 27. Rxf5 Ra4 28. Kd3 Ra3+ 29. c3 Ra2 $18) 27... Kh7 28. Rxf5 Re6 (28... Kh6 $142 29. Rf6+ Kh7) 29. Rxh5+ Rh6 30. Rxh6+ Kxh6 {[%emt 0:00:00] KR-KR} 31. Re1 Rxf3 32. Re6+ Kh5 33. Rxc6 Rf4 34. c3 Rf2+ 35. Ke3 Rc2 36. Kd3 Rf2 37. Rd6 Rf3+ 38. Kd2 Rf5 39. c6 {[%emt 0:00:08] c7 would kill now.} Rf8 40. Rxd5+ {[%emt 0:00:06] White mates.} Kxh4 41. Rd7 a5 42. d5 a4 43. Ra7 Rf5 44. Rxa4+ Kg3 45. Rd4 Rf2+ 46. Kd3 Kf3 47. c7 {[%emt 0:00:08] Weighted Error Value: White=0.09 (flawless) /Black=0.45.  Loses game:     	---       	Black=1      Mistake:       	White=2     	Black=3      Inaccurate:     	White=1     	Black=4      OK:         	White=8     	Black=7      Best:        	White=6     	Black=1} 1-0

[Event "Grand Prix Romania 1st Stage 2024"]
[Site "Bucuresti"]
[Date "2024.03.24"]
[Round "6.30"]
[White "Chuchukova, Stefani"]
[Black "Ghimpu, Samuel-Timotei"]
[Result "0-1"]
[ECO "D00"]
[WhiteElo "1883"]
[BlackElo "2467"]
[Annotator "TA"]
[PlyCount "70"]
[EventDate "2024.03.20"]
[EventType "swiss"]
[EventCountry "ROU"]
[SourceTitle "playchess.com"]
[Source "ChessBase"]
[SourceQuality "1"]
[TimeControl "900+5"]

1. d4 Nf6 2. Bg5 d5 3. Bxf6 gxf6 4. c4 e5 5. dxe5 d4 (5... fxe5 $6 6. cxd5 b5 7. e3 $16) 6. Nf3 Nc6 7. exf6 Qxf6 8. Nbd2 {[%emt 0:00:24] Black is better.} Bf5 {[%emt 0:00:24][%mdl 1024] ...0-0-0 is the strong threat. Black has strong compensation.} 9. a3 O-O-O $1 {[%emt 0:00:13] White must now prevent ...Bh6.} 10. g3 Re8 $1 11. Nb3 $2 (11. Bg2 $17 {was worth a try.}) 11... Bg4 (11... d3 $142 12. e3 Bh6 (12... Qxb2 13. Bxd3 Qc3+ 14. Ke2 $17)) 12. Ng1 $19 Bg7 {[%emt 0:04:19][%cal Od4d3] Black is much more active. The white rooks are passive. This pair of bishops is nice.} 13. Bh3 h5 {[%emt 0:00:00] Strongly threatening ...Ne5.} 14. Qd3 $2 (14. Kf1) 14... Ne5 15. Qxd4 Nf3+ 16. Nxf3 Qxf3 $2 (16... Bxh3 17. Qxf6 Bxf6 18. Nfd4 $11) (16... Rxe2+ $1 $19 17. Kf1 Qxf3 (17... Bxh3+ $2 18. Kxe2 Re8+ 19. Qe3 $19)) 17. Bxg4+ $1 $16 hxg4 {[%emt 0:00:00][%csl Ge8][%cal Rf3e2] [#]} 18. O-O-O $2 (18. O-O $1 $18 Bxd4 (18... Qxb3 $2 19. Qxg4+ Kb8 20. Qxg7 $18) 19. exf3 Bxb2 20. Ra2) 18... Bxd4 (18... Bh6+ $1 $11 19. Kb1 Qxb3 20. Qxa7 c6 (20... Rxe2 21. Qa8#) 21. Qa8+ Kc7 22. Qa5+ Kc8 (22... Kb8 23. Rd7 $11) 23. Qa8+ Kc7 24. Qa5+ Kc8 (24... Kb8 25. Rd7 $11) 25. Qa8+) 19. exf3 Bxf2 20. fxg4 Re2 (20... Re4 $142) 21. Kb1 b6 22. Nc1 Re4 23. Nd3 Bd4 24. Nf4 c5 (24... Be5 $16 {was called for.}) 25. Rdf1 Re3 26. Nd5 (26. Rfg1 $16) 26... Rb3 $14 27. Rxf7 Rxb2+ 28. Kc1 Re8 {[%emt 0:00:11][%mdl 8192] Dodges Re1} (28... Rbxh2 $14 29. Rxh2 Rxh2) 29. Rxa7 $2 ({White must play} 29. Ne7+ $18 Kd7 30. Re1 Rxh2 31. Nc6+ Kxc6 32. Rxe8) 29... Ree2 $11 30. Rf1 {[%emt 0:00:00] White wants to mate with Rf8+.} Rbc2+ 31. Kd1 $2 (31. Kb1 $11 Rb2+ 32. Kc1) 31... Red2+ $19 32. Ke1 Bf2+ 33. Rxf2 Rxf2 34. h4 Rh2 35. Kd1 Ra2 {[%emt 0:00:01] Weighted Error Value: White=1.16/Black=0.48.  Loses game:     	White=2     	Black=1      Missed win:     	White=2     	---        Mistake:       	White=2     	Black=4      Inaccurate:     	White=1     	---        OK:         	White=6     	Black=8      Best:        	White=3     	Black=4      Strong:       	---       	Black=2} (35... Rxc4 $2 {too greedy.} 36. Nxb6+ Kb8 37. Ra8+ Kb7 38. Nxc4 $18) (35... Kb8 $142 36. Re7 Ra2 (36... Rxc4 $2 37. Nf4 $19) 37. Re8+ Kb7 38. Re7+ Ka6 39. Re2 Raxe2 (39... Rhxe2 {gets mated.} 40. Nc3 Rad2+ 41. Kc1 Rc2+ 42. Kd1 Rh2 43. Ne4 Ra2 44. Nf2 Rhxf2 45. Ke1 Rfb2 46. h5 Rb1#) 40. Nf4 Rd2+ (40... Ra2 {is a self mate.} 41. Nd3 Rad2+ 42. Kc1 Rxd3 43. h5 Rf3 44. g5 Rf1#) 41. Ke1 Ra2 42. Ne2 Rhxe2+ 43. Kd1 Rg2 44. h5 Rg1#) 0-1

[Event "Grand Prix Romania 1st Stage 2024"]
[Site "Bucuresti"]
[Date "2024.03.24"]
[Round "6.31"]
[White "Soltanici, Ruslan"]
[Black "Vedmediuc, Artiom"]
[Result "1-0"]
[ECO "B14"]
[WhiteElo "2339"]
[BlackElo "2035"]
[Annotator "RC"]
[PlyCount "97"]
[EventDate "2024.03.20"]
[EventType "swiss"]
[EventCountry "ROU"]
[SourceTitle "playchess.com"]
[Source "ChessBase"]
[SourceQuality "1"]
[TimeControl "900+5"]

1. e4 c6 2. d4 d5 3. exd5 cxd5 4. c4 Nf6 5. Nc3 Nc6 6. Bg5 e6 7. Nf3 Be7 8. Bd3 O-O 9. O-O b6 10. Bxf6 Bxf6 11. cxd5 exd5 12. Bb5 Qd6 13. h3 Bf5 14. Re1 Nb4 15. Rc1 a6 16. Bf1 Rfe8 17. Rxe8+ Rxe8 18. a3 Nc6 19. Qa4 Bd7 20. Qd1 b5 21. b4 Bf5 22. Bd3 Be4 23. Bxe4 dxe4 24. Nd2 Qxd4 25. Ndxe4 Rxe4 26. Nxe4 Qxe4 27. Qd7 Nd8 28. Qc8 h6 29. Qxa6 Qe2 30. Qc8 Qd2 31. Qc2 Qd4 32. Rd1 Qb6 33. Qe4 Ne6 34. Qa8+ Kh7 35. Qe4+ Kg8 36. Rd5 Qc6 37. Qd3 Qc1+ 38. Qd1 Qc4 39. g3 Bd4 40. Rf5 g6 41. Rf3 Qa2 42. h4 h5 43. Qd3 Qb2 44. Kf1 Qa1+ 45. Kg2 Qb2 46. Qxb5 Ba7 47. Qe8+ Nf8 48. Qxf7+ Kh8 49. Qxf8+ 1-0